 Dungeon Crawl Stone Soup version 0.19.1-1-g22dce08 (console) character file.

64171 Kloppie the Severer (level 14, -9/183 HPs)
             Began as a Black Draconian Berserker on Jan 19, 2017.
             Was the Champion of Trog.
             Mangled by an ice devil (13 damage)
             ... on level 6 of the Lair of Beasts.
             The game lasted 00:32:23 (23277 turns).

Kloppie the Severer (Black Draconian Berserker)    Turns: 23277, Time: 00:32:24

Health: -9/183     AC: 14    Str: 24    XL:     14   Next: 70%
Magic:  4/4        EV: 19    Int:  8    God:    Trog [******]
Gold:   1315       SH: 18    Dex: 24    Spells: 0 memorised, 13 levels left

rFire  . . .     SeeInvis .     b - +4 war axe (antimagic)
rCold  . . .     Gourm    +     (armour unavailable)
rNeg   + . .     Faith    .     o - +3 shield {reflect}
rPois  .         Spirit   .     (helmet restricted)
rElec  +         Reflect  +     l - +0 cloak
rCorr  .         Harm     .     C - +1 pair of gloves {Dex+3}
MR     +++..                    H - +2 pair of boots of the Assassin {DetectMon Stab+ Stlth++}
Stlth  ..........               f - amulet of the gourmand
                                G - +5 ring of dexterity
                                m - ring of positive energy

@: berserking (expiring), lethally poisoned (-9 -> -10), regenerating, very
quick
A: breathe lightning, unfitting armour, big wings, electricity resistance,
cold-blooded, AC +8
a: Breathe Lightning, Fly, Berserk, Trog's Hand, Brothers in Arms, Burn
Spellbooks, Renounce Religion


You were on level 6 of the Lair of Beasts.
You worshipped Trog.
Trog was exalted by your worship.
You were very full.

You visited 3 branches of the dungeon, and saw 21 of its levels.

You collected 2508 gold pieces.
You spent 1193 gold pieces at shops.

Inventory:

Hand Weapons
 a - a +2 hand axe of flaming
 b - a +4 antimagic war axe (weapon)
 x - a +0 broad axe
Missiles
 d - 57 tomahawks (quivered)
 t - 8 tomahawks of returning
 y - 2 javelins
 F - 2 steel tomahawks
 I - 3 javelins of penetration
Armour
 l - a +0 cloak (worn)
 o - a +3 shield of reflection (worn)
 C - a +1 pair of gloves of dexterity (worn)
 H - the +2 pair of boots of the Assassin (worn) {DetectMon Stab+ Stlth++}
   (You bought it in a shop on level 2 of the Orcish Mines)

   It makes you much more stealthy.
Jewellery
 f - an amulet of the gourmand (around neck)
 m - a ring of positive energy (left hand)
 G - a +5 ring of dexterity (right hand)
 S - an uncursed ring of resist corrosion
 T - an uncursed ring of poison resistance
Wands
 k - a wand of flame (31/48)
 p - a wand of flame (26/48)
 J - a wand of iceblast (6/15)
 K - a wand of disintegration (18/24)
 L - a wand of paralysis (15/24)
 Q - a wand of confusion (38/48)
Scrolls
 c - 6 scrolls of recharging
 n - 5 scrolls of teleportation
 q - 13 scrolls of remove curse
 v - 4 scrolls of fear
 E - 2 scrolls of fog
 M - 6 scrolls of identify
 N - 2 scrolls of enchant weapon
 P - a scroll of magic mapping
Potions
 e - 5 potions of flight
 i - 2 potions of agility
 j - 7 potions of curing
 s - 5 potions of heal wounds
 u - 2 potions of ambrosia
 w - 2 potions of haste
 z - a potion of cure mutation
 R - a potion of magic
Comestibles
 g - 3 beef jerkies
 h - 6 slices of pizza
 r - 7 meat rations
 B - 12 bread rations
 D - 9 fruits
 O - 6 royal jellies


   Skills:
 - Level 10.7 Fighting
 + Level 16.1 Axes
 - Level 7.5 Throwing
 - Level 7.6 Dodging
 - Level 4.6 Stealth
 - Level 13.4 Shields


You had 13 spell levels left.
You didn't know any spells.

Dungeon Overview and Level Annotations

Branches:
Dungeon (13/15)            Temple (0/1) D:6            Lair (6/6) D:11
 Shoals (0/4) Lair:2       Spider (0/4) Lair:2        Slime (0/5) Lair:5
    Orc (2/2) D:10            Elf (0/3) Orc:2
 Vaults: D:13-14

Altars:
Elyvilon
Gozag
Makhleb
Vehumet
Yredelemnul
The Shining One
Beogh

Shops:
D:4 *   D:5 *   D:6 :   D:9 %   D:10 *[   D:13 *([=(   Orc:2 =%}[(

Portals:
Hell: Lair:6

Annotations:
D:5 1 runed door
Lair:4 exclusion: oklob plant


Innate Abilities, Weirdness & Mutations

You can breathe wild blasts of lightning.
Your glossy black scales are hard. (AC +8)
You cannot fit into any form of body armour.
Your large and strong wings let you fly indefinitely.
You are resistant to electric shocks. (rElec)
You are cold-blooded and may be slowed by cold attacks.


Message History

* * * LOW HITPOINT WARNING * * *
You slash the orange demon!
You kill the orange demon!
Trog accepts your kill.
You slash the orange demon!
You hit the ice devil. x2; You feel sick.
You block the ice devil's attack. The orange demon closely misses you.
You block the ice devil's attack.
The red devil hits you from afar with a trident!
* * * LOW HITPOINT WARNING * * *
You block the red devil's attack.
You hit the ice devil. You tail-slap the ice devil!
The ice devil is severely wounded.
You slash the ice devil! You hit the orange demon.
You feel yourself speed up.
You feel sick. You block the orange demon's attack. x2
You block the ice devil's attack.
The orange demon stings you but does no damage.
The ice devil hits you!
You die...

##############
≈≈≈≈≈≈≈≈≈≈§§
############≈≈≈≈≈§≈≈≈§
........#.....4≈≈≈≈§≈≈
...8.8..#.....44..§≈≈≈
..8.8...'...44@...§∩≈≈
...8.8.)#......)...≈§≈
..8.8...#.....4..≈≈§≈§
...8.8..###############
..8.8...'.............#
........#...8....8....#
♣+#########.............#
.♣♣♣ ######''#######
...♣♣♣ ♣....♣


You could see 2 orange demons, 2 ice devils and 2 red devils.

Vanquished Creatures
  Rupert (Lair:3)
  An orc warlord (Orc:2)
  A dire elephant (Lair:6)
  Erolcha (D:9)
  11 hydras
  A death knight (D:12)
  6 death yaks (Lair:6)
  2 sun demons
  A skeletal warrior (D:12)
  A wizard (Lair:6)
  5 hill giants
  2 wolf spider zombies
  3 deep elf magi
  An orc knight (Orc:2)
  3 orc sorcerers
  4 ugly things
  An oklob plant (Lair:6)
  A manticore (D:12)
  A cyclops (D:12)
  Maurice (D:9)
  3 elephants (Lair:4)
  A centaur zombie (D:13)
  A smoke demon (Lair:6)
  A black mamba (Lair:3)
  The ghost of gungar the Carver, a novice MiBe of Trog (D:5)
  12 spiny frogs
  An orange demon (Lair:6)
  An ice devil (D:13)
  A kobold demonologist (D:10)
  A hellwing (Lair:6)
  3 freezing wraiths (D:12)
  5 komodo dragons
  4 trolls
  A red devil (Lair:6)
  2 polar bears (D:12)
  2 merfolk
  A two-headed ogre (D:13)
  6 dream sheep
  5 blink frogs (Lair:2)
  11 slime creatures
  6 hippogriffs
  Sigmund (D:3)
  A shadow (D:13)
  A spriggan (D:12)
  A vampire (D:12)
  A wyvern (D:9)
  3 basilisks
  19 yaks
  5 vampire mosquitoes
  A hungry ghost (D:9)
  A soldier ant (D:10)
  3 wargs
  11 water moccasins
  A hell hound (Lair:6)
  8 porcupines
  10 ice beasts
  28 orc warriors
  A sky beast (D:12)
  2 black bears (D:6)
  A phantom (D:12)
  4 wolves
  A necrophage (D:9)
  9 ogres
  4 centaurs
  10 crocodiles
  3 big kobolds
  22 bullfrogs
  A wyvern skeleton (D:12)
  4 scorpions
  8 killer bees
  4 wights
  2 electric eels
  13 crimson imps
  A bullfrog zombie (D:10)
  2 quasits (D:12)
  2 centaur skeletons
  11 hounds
  27 orc priests
  10 jellies
  A bullfrog skeleton (D:9)
  A gnoll shaman (D:8)
  Terence (D:2)
  4 iguanas
  Natasha (thrice) (D:2)
  29 orc wizards
  2 hell rats
  6 worker ants
  A bullfrog simulacrum (D:12)
  2 centaur simulacra (D:12)
  5 hound skeletons
  4 worker ant zombies
  8 gnolls
  12 adders
  3 shadow imps
  6 white imps
  An ufetubus (D:12)
  2 oozes
  2 adder zombies
  A worm (D:3)
  3 dart slugs
  A leopard gecko (D:6)
  102 orcs
  9 bats
  3 giant cockroaches
  9 goblins
  7 hobgoblins
  18 jackals
  5 quokkas
  A ball python (D:3)
  2 frilled lizards
  2 gnoll zombies (D:2)
  A jackal skeleton (D:5)
  28 kobolds
  4 rats
  2 fungi
  A plant (Lair:2)
646 creatures vanquished.

Vanquished Creatures (others)
  A centaur simulacrum (D:12)
  4 fungi
  A plant (Lair:1)
6 creatures vanquished.

Grand Total: 652 creatures vanquished

Notes
Turn   | Place    | Note
-------+----------+-------------------------------------------
     0 | D:1      | Kloppie the Draconian Berserker began the quest for the Orb.
     0 | D:1      | Reached XP level 1. HP: 19/19 MP: 1/1
   359 | D:1      | Reached XP level 2. HP: 26/27 MP: 2/2
  1055 | D:1      | Reached XP level 3. HP: 33/33 MP: 3/3
  1264 | D:2      | Reached ** piety under Trog
  1466 | D:2      | Found a basalt altar of Yredelemnul.
  1573 | D:2      | Reached skill level 4 in Axes
  1720 | D:2      | Noticed Natasha
  1726 | D:2      | Killed Natasha
  1726 | D:2      | Reached XP level 4. HP: 41/41 MP: 4/4
  1789 | D:2      | Noticed Terence
  1803 | D:2      | Killed Terence
  1972 | D:2      | Found a glowing golden altar of the Shining One.
  2009 | D:2      | Noticed Natasha
  2020 | D:2      | Killed Natasha
  2020 | D:2      | Reached skill level 5 in Fighting
  2020 | D:2      | Reached XP level 5. HP: 45/48 MP: 5/5
  2022 | D:2      | Noticed Natasha
  2036 | D:2      | Killed Natasha
  2519 | D:3      | Found an opulent altar of Gozag.
  2536 | D:3      | Found a faded altar of an unknown god.
  2564 | D:3      | Noticed Sigmund
  2582 | D:3      | Killed Sigmund
  2582 | D:3      | Reached skill level 5 in Axes
  2582 | D:3      | Reached XP level 6. HP: 53/57 MP: 6/6
  3312 | D:4      | Found Bimik's Elemental Accessories.
  3669 | D:5      | Entered Level 5 of the Dungeon
  3674 | D:5      | Noticed an ice beast
  3681 | D:5      | Killed an ice beast
  3746 | D:5      | Reached skill level 6 in Axes
  3746 | D:5      | Your scales start taking on a glossy black colour.
  3746 | D:5      | Reached XP level 7. HP: 64/64 MP: 7/7
  3746 | D:5      | Gained mutation: You are resistant to electric shocks. (rElec) [Black Draconian growth]
  3748 | D:5      | Found a runed door.
  3756 | D:5      | Found a white marble altar of Elyvilon.
  3756 | D:5      | Noticed an angel
  3923 | D:5      | Reached *** piety under Trog
  4083 | D:5      | Found Wisecs's General Store.
  4106 | D:5      | Noticed gungar's ghost (novice MiBe)
  4116 | D:5      | Killed gungar's ghost
  4116 | D:5      | Reached skill level 7 in Axes
  4116 | D:5      | Reached XP level 8. HP: 57/74 MP: 8/8
  4972 | D:6      | Found a staircase to the Ecumenical Temple.
  5096 | D:6      | Reached skill level 8 in Axes
  5439 | D:6      | Found Mosegicon's Book Shoppe.
  5772 | D:6      | Reached XP level 9. HP: 67/85 MP: 9/9
  5820 | D:6      | Reached skill level 9 in Axes
  5985 | D:7      | Reached **** piety under Trog
  5992 | D:7      | Reached skill level 1 in Shields
  7203 | D:8      | Found a radiant altar of Vehumet.
  7397 | D:9      | Noticed Erolcha
  7398 | D:9      | Noticed Maurice
  7408 | D:9      | Killed Erolcha
  7408 | D:9      | Reached skill level 10 in Axes
  7408 | D:9      | Reached skill level 5 in Shields
  7418 | D:9      | Killed Maurice
  7418 | D:9      | Reached XP level 10. HP: 92/92 MP: 10/10
  7563 | D:9      | Reached skill level 11 in Axes
  7892 | D:9      | Found Plog's Food Shop.
  8305 | D:9      | Reached ***** piety under Trog
  8597 | D:10     | Entered Level 10 of the Dungeon
  8760 | D:10     | Identified a scroll of acquirement
  8869 | D:10     | Noticed an orange demon
  8871 | D:10     | Noticed a soul eater
  8876 | D:10     | Received a gift from Trog
  8876 | D:10     | Reached skill level 5 in Dodging
  8987 | D:10     | Found Ahiet's General Store.
  8990 | D:10     | Bought a scroll of fear for 35 gold pieces
  8990 | D:10     | Bought a scroll of enchant weapon for 75 gold pieces
  9337 | D:10     | Found a staircase to the Orcish Mines.
  9339 | D:10     | Found Osuata's Armour Shop.
  9366 | D:10     | Bought a +1 pair of gloves of dexterity for 198 gold pieces
  9505 | D:11     | Found a staircase to the Lair.
  9505 | D:11     | Noticed a hill giant
  9517 | D:11     | Killed a hill giant
  9517 | D:11     | Reached skill level 12 in Axes
  9532 | D:11     | Reached XP level 11. HP: 59/99 MP: 11/11
 10123 | D:11     | Noticed a purple ugly thing
 10143 | D:11     | Killed a purple ugly thing
 10460 | D:11     | Noticed a hill giant
 10470 | D:11     | Killed a hill giant
 10624 | Lair:1   | Entered Level 1 of the Lair of Beasts
 12174 | Lair:1   | Noticed a seven-headed hydra
 12183 | Lair:1   | Killed a two-headed hydra
 12895 | Lair:2   | Noticed a four-headed hydra
 12903 | Lair:2   | Killed a one-headed hydra
 13035 | Lair:2   | Reached XP level 12. HP: 69/106 MP: 12/12
 13132 | Lair:2   | Noticed an eight-headed hydra
 13151 | Lair:2   | Killed a four-headed hydra
 13151 | Lair:2   | Reached skill level 10 in Shields
 13536 | Lair:2   | Noticed a seven-headed hydra
 13549 | Lair:2   | Killed a one-headed hydra
 13682 | Lair:2   | Found a staircase to the Shoals.
 14002 | Lair:2   | Found a hole to the Spider Nest.
 14661 | Lair:3   | Noticed Rupert
 14680 | Lair:3   | Paralysed by Rupert for 6 turns
 14722 | Lair:3   | Killed Rupert
 15809 | Lair:4   | Noticed a four-headed hydra
 15819 | Lair:4   | Killed a one-headed hydra
 15819 | Lair:4   | Reached skill level 1 in Throwing
 16113 | Lair:4   | Reached skill level 10 in Fighting
 16174 | Lair:5   | Noticed a six-headed hydra
 16191 | Lair:5   | Killed a five-headed hydra
 16191 | Lair:5   | Reached XP level 13. HP: 40/113 MP: 13/13
 16598 | Lair:5   | Found a staircase to the Slime Pits.
 17034 | Lair:5   | Received a gift from Trog
 17578 | Orc:1    | Entered Level 1 of the Orcish Mines
 17872 | Orc:1    | You fall through a shaft!
 17872 | Orc:2    | Entered Level 2 of the Orcish Mines
 17884 | Orc:2    | Reached skill level 5 in Throwing
 18405 | Orc:2    | Found Erisad's Gadget Shoppe.
 18473 | Orc:2    | Found a roughly hewn altar of Beogh.
 18478 | Orc:2    | Reached ****** piety under Trog
 18522 | Orc:2    | Received a gift from Trog
 18540 | Orc:2    | Found a staircase to the Elven Halls.
 18574 | Orc:2    | Found a roughly hewn altar of Beogh.
 19186 | Orc:2    | Found a roughly hewn altar of Beogh.
 19197 | Orc:2    | Found Hygenauc's Jewellery Emporium.
 19250 | Orc:2    | Found a roughly hewn altar of Beogh.
 19250 | Orc:2    | Found Kuagent's Food Shop.
 19308 | Orc:2    | Noticed an orc warlord
 19351 | Orc:2    | Killed an orc warlord
 19366 | Orc:2    | Received a gift from Trog
 19546 | Orc:2    | Found Iluo's Antique Armour Shoppe.
 19547 | Orc:2    | Found a roughly hewn altar of Beogh.
 19548 | Orc:2    | Found Daptotiu's Antique Weapon Emporium.
 19561 | Orc:2    | Bought the +2 pair of boots of the Assassin {DetectMon Stab+ Stlth++} for 813 gold pieces
 19893 | D:12     | Reached skill level 13 in Axes
 20452 | D:12     | Received a gift from Trog
 20487 | D:12     | Reached skill level 14 in Axes
 20953 | D:12     | Gained mutation: Your large and strong wings let you fly indefinitely. [Black Draconian growth]
 20953 | D:12     | Reached XP level 14. HP: 66/122 MP: 4/14
 21378 | D:12     | Identified the Almanac of Torrid Necromancy
 21716 | D:13     | Reached skill level 1 in Stealth
 21733 | D:13     | Found Plog's Antique Weapon Shop.
 21786 | D:13     | Found Tulem's Assorted Antiques.
 21791 | D:13     | Bought a scroll labeled FAISHA QOTAEB for 24 gold pieces
 21791 | D:13     | Bought a scroll of identify for 48 gold pieces
 21854 | D:13     | Received a gift from Trog
 22194 | D:13     | Found Edghirofe's Jewellery Boutique.
 22250 | D:13     | Found Ymoryol's Antique Weapon Shop.
 22315 | D:13     | Found Biuguel's Armour Boutique.
 22643 | Lair:6   | Entered Level 6 of the Lair of Beasts
 22661 | Lair:6   | Reached skill level 15 in Axes
 22876 | Lair:6   | HP: 7/183 [four-headed hydra (10)]
 22882 | Lair:6   | HP: 8/183 [two-headed hydra (3)]
 23249 | Lair:6   | Found a burning altar of Makhleb.
 23254 | Lair:6   | Found a gateway to Hell.
 23267 | Lair:6   | Reached skill level 16 in Axes
 23276 | Lair:6   | HP: 4/183 [red devil/trident (11)]
 23277 | Lair:6   | Mangled by an ice devil

Skill      XL: |  1  2  3  4  5  6  7  8  9 10 11 12 13 14 |
---------------+-------------------------------------------+-----
Fighting       | 4 5 6 8 9 10 | 10.7
Axes           | 4 5 6 7 8 10 12 14 16 | 16.1
Shields        | 5 6 9 13 | 13.4
Dodging        | 6 7 |  7.6
Throwing       | 2 7 |  7.5
Stealth        | 4 |  4.6

Action                   |  1- 3 |  4- 6 |  7- 9 | 10-12 | 13-15 || total
-------------------------+-------+-------+-------+-------+-------++-------
Melee: Hand axe          |   121 |   144 |   386 |   501 |    36 ||  1188
       Tailslap          |    12 |     9 |    66 |   195 |   227 ||   509
       War axe           |       |       |       |   384 |   857 ||  1241
Throw: Tomahawk          |       |       |     5 |     9 |       ||    14
Invok: Berserk           |     2 |     5 |     6 |    11 |    10 ||    34
       Trog's Hand       |       |       |     2 |     3 |     6 ||    11
 Abil: Breathe Lightning |       |       |       |     1 |       ||     1
Evoke: Wand              |       |       |       |     2 |       ||     2
  Use: Scroll            |       |     6 |     7 |    11 |     4 ||    28
       Potion            |       |       |     7 |     2 |     2 ||    11
 Stab: Sleeping          |     2 |       |     1 |     9 |    21 ||    33
       Invisible         |       |       |       |     5 |       ||     5
       Distracted        |       |       |       |     1 |     4 ||     5
  Eat: Chunk             |     3 |     6 |    14 |    64 |    35 ||   122
       Meat ration       |       |     1 |     1 |     1 |       ||     3
Armor: Skin              |    43 |    37 |   108 |   104 |    94 ||   386
Dodge: Dodged            |    73 |   105 |   265 |   452 |   411 ||  1306
Block: Buckler           |       |       |    16 |    85 |       ||   101
       Shield            |       |       |       |   273 |   637 ||   910
       Reflection        |       |       |       |       |     8 ||     8
